 Dungeon Crawl Stone Soup version 0.19.1 (webtiles) character file.

83 Host24 the Bolt Thrower (level 4, -6/30 HPs)
             Began as a Kobold Hunter on Dec 26, 2016.
             Mangled by Host24's ghost (10 damage)
             ... on level 3 of the Dungeon.
             The game lasted 00:02:55 (1834 turns).

Host24 the Bolt Thrower (Kobold Hunter)             Turns: 1834, Time: 00:02:56

Health: -6/30      AC:  3    Str:  9    XL:     4   Next: 71%
Magic:  4/4        EV: 15    Int: 12    God:
Gold:   46         SH:  0    Dex: 16    Spells: 0 memorised, 3 levels left

rFire  . . .     SeeInvis .     a - +1 hand crossbow
rCold  . . .     Gourm    .     c - +0 leather armour
rNeg   . . .     Faith    .     (shield restricted)
rPois  .         Spirit   .     (no helmet)
rElec  .         Reflect  .     (no cloak)
rCorr  .         Harm     .     (no gloves)
MR     .....                    (no boots)
Stlth  ++........               (no amulet)
                                (no ring)
                                (no ring)

@: no status effects
A: carnivore 3
a: no special abilities


You were on level 3 of the Dungeon.
You were completely stuffed.

You visited 1 branch of the dungeon, and saw 3 of its levels.

You collected 46 gold pieces.

Inventory:

Hand Weapons
 a - a +1 hand crossbow (weapon)
 p - a +1 short sword of venom
Missiles
 d - 17 bolts (quivered)
 i - a throwing net
 k - 7 poisoned needles
 m - 55 stones
 o - 15 sling bullets
 q - 54 arrows
 v - 2 needles of frenzy
Armour
 c - a +0 leather armour (worn)
Scrolls
 e - a scroll of enchant armour {unknown}
 h - 6 scrolls of identify {unknown}
 j - 2 scrolls of teleportation {unknown}
 l - 3 scrolls of remove curse {unknown}
 n - a scroll of noise {unknown}
 t - a scroll of recharging {unknown}
Potions
 r - 2 potions of flight {unknown}
 u - 2 potions of agility {unknown}
Comestibles
 f - a meat ration
 g - 2 royal jellies
 s - a slice of pizza


   Skills:
 + Level 4.5 Fighting
 - Level 5.0 Crossbows
 - Level 3.0 Dodging
 - Level 1.3 Stealth


You had 3 spell levels left.
You didn't know any spells.

Dungeon Overview and Level Annotations

Branches:
Dungeon (3/15)

Altars:
Ru
Trog
The Shining One

Annotations:
D:3 Host24's ghost, amateur KoHu


Innate Abilities, Weirdness & Mutations

You are small and have problems with some larger weapons.
You are carnivorous and can eat meat at any time.


Message History

Host24's ghost completely misses you.
Firing (i - inventory. (,) - cycle):
d - 20 bolts (quivered)
Press: ? - help, Shift-Dir - straight line, f/p - Host24's ghost
Aim: Host24's ghost (severely damaged)
You shoot a bolt. The bolt hits Host24's ghost!
Host24's ghost is almost destroyed.
Host24's ghost hits you!
* * * LOW HITPOINT WARNING * * *
Host24's ghost closely misses you.
Firing (i - inventory. (,) - cycle):
d - 19 bolts (quivered)
Press: ? - help, Shift-Dir - straight line, f/p - Host24's ghost
Aim: Host24's ghost (almost destroyed)
You shoot a bolt. The bolt closely misses Host24's ghost.
Host24's ghost completely misses you.
Firing (i - inventory. (,) - cycle):
d - 18 bolts (quivered)
Press: ? - help, Shift-Dir - straight line, f/p - Host24's ghost
Aim: Host24's ghost (severely damaged)
You shoot a bolt. The bolt barely misses Host24's ghost.
Host24's ghost hits you!
You die...

#### .. ..#
...# #.#
.<...##.#####
#. #....)...#
#. ####.###.#
#.#####.###<#
###(..(W@.##..#
#.....######.##
#(....# #.#
#.......# #.#
#.#.....# ..# #
#.....# ###
.$......
##.#####.# #.
.#


You could see Host24's ghost.

Vanquished Creatures
  4 adders (D:2)
  3 dart slugs
  A leopard gecko (D:1)
  An orc (D:3)
  6 bats
  A giant cockroach (D:2)
  5 goblins
  2 hobgoblins
  5 jackals (D:1)
  4 kobolds
  A quokka (D:2)
  2 ball pythons (D:1)
  3 frilled lizards (D:2)
38 creatures vanquished.

Notes
Turn   | Place    | Note
-------+----------+-------------------------------------------
     0 | D:1      | Host24 the Kobold Hunter began the quest for the Orb.
     0 | D:1      | Reached XP level 1. HP: 12/12 MP: 1/1
   206 | D:1      | Reached XP level 2. HP: 13/18 MP: 2/2
   877 | D:1      | Reached XP level 3. HP: 22/23 MP: 3/3
   946 | D:1      | Reached skill level 5 in Crossbows
  1084 | D:2      | Found a faded altar of an unknown god.
  1325 | D:2      | Found a glowing golden altar of the Shining One.
  1409 | D:2      | Reached XP level 4. HP: 29/29 MP: 4/4
  1545 | D:2      | Found a sacrificial altar of Ru.
  1696 | D:2      | Found a bloodstained altar of Trog.
  1819 | D:3      | Noticed Host24's ghost (amateur KoHu)
  1834 | D:3      | Mangled by Host24's ghost

Skill      XL: |  1  2  3  4 |
---------------+-------------+-----
Fighting       | 3 4 |  4.5
Dodging        | 3 |  3.0
Crossbows      | 5 |  5.0
Stealth        | |  1.3

Action                   |  1- 3 |  4- 6 || total
-------------------------+-------+-------++-------
Melee: Short sword       |   112 |    13 ||   125
 Fire: Hand crossbow     |     3 |    14 ||    17
 Stab: Sleeping          |     4 |     1 ||     5
  Eat: Chunk             |    10 |     1 ||    11
Armor: Leather armour    |    14 |     4 ||    18
Dodge: Dodged            |   107 |    15 ||   122
